[Event "Titled Tuesday Blitz February 22 Early 2022"]
[White "Fajdetic, Hrvoje"]
[Black "Samant Aditya S"]
[WhiteFideId "14501945"]
[BlackFideId "35080580"]
[WhiteElo "2140"]
[BlackElo "1916"]
[Result "0-1"]
[Round "02"]
[TimeControl "180+1"]
[Date "2022.02.22"]
[WhiteClock "0:01:05"]
[BlackClock "0:00:26"]

1. d4 Nf6 2. Bf4 c5 3. e3 d5 4. Nc3 cxd4 5. exd4 Bg4 6. f3 Bd7 7. Bd3 Nc6 8. Nce2 Qb6 9. c3 Qxb2 10. Rb1 Qxa2 11. Rxb7 e6 12. Nh3 Be7 13. O-O O-O 14. g4 Rfd8 15. Bc7 Rdc8 16. Be5 Nxe5 17. dxe5 Bc5+ 18. Kh1 Bc6 19. Rxf7 Kxf7 20. Ng5+ Ke7 21. exf6+ gxf6 22. Nxh7 Rh8 23. Qc1 Rxh7 24. Qf4 Bd6 0-1


[Site "https://www.chess.com"]

[Event "Titled Tuesday Blitz February 22 Early 2022"]
[White "Fakhretdinova, Margarita"]
[Black "Ozates, Tuna"]
[WhiteFideId "24103667"]
[BlackFideId "6354521"]
[WhiteElo "2239"]
[BlackElo "1872"]
[Result "0-1"]
[Round "02"]
[TimeControl "180+1"]
[Date "2022.02.22"]
[WhiteClock "0:01:44"]
[BlackClock "0:02:34"]

1. g3 c6 2. Bg2 e5 3. d3 d5 4. e4 Nf6 5. Nd2 Bc5 6. Ne2 Bxf2+ 7. Kf1 Ng4 8. Nb3 Qf6 9. Nf4 exf4 10. h3 Ne3+ 11. Bxe3 fxe3 0-1


[Site "https://www.chess.com"]

[Event "Titled Tuesday Blitz February 22 Early 2022"]
[White "Farmani Anosheh, Armin"]
[Black "Samarth, J Rao"]
[WhiteFideId "24613240"]
[BlackFideId "46652370"]
[WhiteElo "2289"]
[BlackElo "1514"]
[Result "0-1"]
[Round "02"]
[TimeControl "180+1"]
[Date "2022.02.22"]
[WhiteClock "0:00:01"]
[BlackClock "0:00:08"]

1. d4 d5 2. c4 e6 3. Nf3 Nf6 4. g3 Be7 5. Bg2 O-O 6. O-O dxc4 7. Qc2 b5 8. a4 b4 9. Nfd2 Nd5 10. Nxc4 c5 11. dxc5 Bxc5 12. Nbd2 Nd7 13. Nb3 Be7 14. a5 Ba6 15. Ne3 Rc8 16. Qd1 Nxe3 17. Bxe3 Nc5 18. Nd4 Bb7 19. Rc1 Bxg2 20. Kxg2 Qd5+ 21. f3 a6 22. Bf2 Rfd8 23. e4 Qb7 24. Qe2 Bf8 25. Rc4 g6 26. Rfc1 e5 27. Nc2 Nb3 28. Rxc8 Rxc8 29. Rd1 Nxa5 30. Ne3 Nc6 31. Nd5 Kg7 32. f4 Re8 33. Qf3 Qb8 34. f5 Nd4 35. Bxd4 exd4 36. Rxd4 Qe5 37. Rc4 Qxb2+ 38. Kh3 Qe5 39. Rc7 Qxe4 40. f6+ Kh6 0-1


[Site "https://www.chess.com"]

[Event "Titled Tuesday Blitz February 22 Early 2022"]
[White "Fecker, Noah"]
[Black "Galchenko, Matvey"]
[WhiteFideId "1334263"]
[BlackFideId "24175480"]
[WhiteElo "2312"]
[BlackElo "2453"]
[Result "0-1"]
[Round "02"]
[TimeControl "180+1"]
[Date "2022.02.22"]
[WhiteClock "0:00:40"]
[BlackClock "0:00:46"]

1. e4 e6 2. d4 d5 3. Nd2 a6 4. Ngf3 Nf6 5. e5 Nfd7 6. Bd3 c5 7. c3 Nc6 8. O-O g5 9. Nb1 g4 10. Ne1 cxd4 11. cxd4 Nxd4 12. Qxg4 Nc6 13. f4 h5 14. Qh3 Qb6+ 15. Kh1 Nc5 16. Nc3 Bd7 17. Bc2 Rc8 18. a3 Nb3 19. Nxd5 exd5 20. Qxb3 Qxb3 21. Bxb3 Nd4 22. Bd1 h4 23. Be3 Nf5 24. Bf2 Bb5 25. Rg1 Bc5 26. Rc1 Ng3+ 27. Bxg3 hxg3 28. Nf3 Rc6 29. Re1 Bf2 30. Rxc6 bxc6 31. Re2 Bxe2 32. Bxe2 gxh2 33. Bxa6 Bg3 34. Bd3 Bxf4 35. a4 Kd7 36. a5 c5 0-1


[Site "https://www.chess.com"]

[Event "Titled Tuesday Blitz February 22 Early 2022"]
[White "Federzoni, Enzo"]
[Black "Gulecyuz, Deniz"]
[WhiteFideId "2173301"]
[BlackFideId "30921341"]
[WhiteElo "1956"]
[BlackElo "1925"]
[Result "1-0"]
[Round "02"]
[TimeControl "180+1"]
[Date "2022.02.22"]
[WhiteClock "0:01:17"]
[BlackClock "0:00:04"]

1. d4 Nf6 2. c4 g6 3. Nc3 d5 4. Nf3 Bg7 5. cxd5 Nxd5 6. Bd2 O-O 7. e4 Nxc3 8. Bxc3 c5 9. d5 Bxc3+ 10. bxc3 e6 11. Be2 exd5 12. exd5 Re8 13. O-O Bf5 14. c4 Qd6 15. Bd3 Bxd3 16. Qxd3 Nd7 17. Rab1 b6 18. Rfe1 Ne5 19. Nxe5 Rxe5 20. a4 Rae8 21. Rxe5 Rxe5 22. a5 bxa5 23. h3 a6 24. Qc3 Re4 25. g3 Rd4 26. Re1 a4 27. Re8+ Kg7 28. Rc8 Qf6 29. Kg2 a3 30. Rxc5 a2 31. Ra5 Qe5 32. Rxa2 Qe4+ 33. Kh2 f6 34. Rxa6 Rxc4 35. Ra7+ Kh6 36. Qe3+ Qxe3 37. fxe3 Rc3 38. Re7 Rd3 39. e4 Rd2+ 40. Kg1 Rd3 41. Kg2 Kg5 42. Rxh7 f5 43. exf5 Kxf5 44. Rd7 Ke5 45. h4 Rd2+ 46. Kf3 Rd4 47. Re7+ Kf5 48. g4+ Kf6 49. Re6+ Kf7 50. Rd6 Kg7 51. g5 Rd1 52. Rd7+ Kf8 53. Kf4 Rd4+ 54. Ke5 Rxh4 55. Kf6 Rf4+ 56. Kxg6 Re4 57. d6 Rd4 58. Rd8# 1-0


[Site "https://www.chess.com"]

[Event "Titled Tuesday Blitz February 22 Early 2022"]
[White "Fedoseev, Vladimir"]
[Black "Cherniaiev, Tykhon"]
[WhiteFideId "24130737"]
[BlackFideId "14182360"]
[WhiteElo "2726"]
[BlackElo "2289"]
[Result "1/2-1/2"]
[Round "02"]
[TimeControl "180+1"]
[Date "2022.02.22"]
[WhiteClock "0:00:19"]
[BlackClock "0:00:11"]

1. e4 c5 2. Nf3 e6 3. d4 cxd4 4. Nxd4 a6 5. c4 Qc7 6. Nc3 Nf6 7. a3 Nc6 8. Be3 Be7 9. Be2 O-O 10. Rc1 d6 11. O-O Bd7 12. Nd5 exd5 13. cxd5 Rfe8 14. f3 Bf8 15. Bf2 g6 16. b4 Bg7 17. dxc6 bxc6 18. Nb3 Nh5 19. Qd2 d5 20. exd5 Nf4 21. Bd1 Bh6 22. Kh1 Nh3 23. Qxh6 Nxf2+ 24. Kg1 Nd3 25. Rc3 Qb6+ 26. Nc5 Nxc5 27. Rxc5 cxd5 28. Qd2 Bb5 29. Rf2 Rac8 30. Rxd5 Rc1 31. h4 Qc7 32. Rd4 Ba4 33. Re2 Rxd1+ 34. Qxd1 Bxd1 35. Rxe8+ Kg7 36. Rxd1 Qb6+ 37. Kf1 Qb5+ 38. Re2 Qh5 39. Rd4 Qf5 40. Rde4 Qf6 41. Kf2 Qc3 42. R4e3 Qd4 43. g3 h5 44. Kg2 Qd1 45. Re7 Kg8 46. Rf2 Qd3 47. a4 Qb3 48. Re4 Qxa4 49. Rd2 Qb5 50. Rf4 Kg7 51. Re4 Qc6 52. Rde2 Qb5 53. Kf2 Qb6+ 54. Kg2 Qb5 55. Rc2 Qd7 56. Rf4 Qb7 57. Rfc4 Qb5 58. Re4 Qb7 59. Rc5 Qd7 60. Rce5 Qd2+ 61. Kf1 Qd1+ 62. Kf2 Qd2+ 63. Kf1 Qd1+ 64. Kf2 Qd2+ 65. Re2 Qxb4 66. R5e4 Qb6+ 67. Kg2 a5 68. Ra2 Qb5 69. Rea4 Qd3 70. Rxa5 Qe3 71. R5a4 Qd3 72. Rf4 Qe3 73. Rc2 Qe5 74. Rfc4 Qe3 75. R4c3 Qe5 76. Kf2 Qd4+ 77. Re3 Qd1 78. Rce2 Qh1 79. f4 Qh2+ 80. Ke1 Qg1+ 81. Kd2 Qa1 82. Rd3 Qb2+ 83. Ke3 Qb6+ 84. Kf3 Qc6+ 85. Kf2 Qh1 86. Rf3 Qh2+ 87. Ke3 Qg1+ 88. Kd2 Qd4+ 89. Rd3 Qb4+ 90. Ke3 Qc5+ 91. Kf3 Qc6+ 92. Kf2 Qh1 93. Rde3 Qh2+ 94. Ke1 Qg1+ 95. Kd2 Qa1 96. Rd3 Qb2+ 97. Ke1 Qc1+ 98. Kf2 Qh1 1/2-1/2


[Site "https://www.chess.com"]

[Event "Titled Tuesday Blitz February 22 Early 2022"]
[White "Fonseca Manrique, Enrique"]
[Black "Moroni, Luca Jr"]
[WhiteFideId "5114330"]
[BlackFideId "865834"]
[WhiteElo "2601"]
[BlackElo "2573"]
[Result "0-1"]
[Round "02"]
[TimeControl "180+1"]
[Date "2022.02.22"]
[WhiteClock "0:00:09"]
[BlackClock "0:00:27"]

1. e4 g6 2. d4 Bg7 3. Nf3 d6 4. Bc4 Nf6 5. Qe2 O-O 6. O-O c6 7. e5 dxe5 8. dxe5 Nd5 9. h3 Be6 10. Nbd2 Nd7 11. Nb3 a5 12. a4 Qc7 13. Re1 N7b6 14. Nc5 Nxc4 15. Nxe6 fxe6 16. Qxc4 Rf5 17. Ng5 Qd7 18. Ne4 Raf8 19. Be3 Nxe3 20. Rxe3 Qd5 21. Qb3 Rxe5 22. Rae1 b5 23. axb5 cxb5 24. Nc3 Qxb3 25. cxb3 Rxe3 26. Rxe3 b4 27. Na4 Bd4 28. Rxe6 Rxf2 29. Kh2 Kf7 30. Ra6 Rf5 31. g4 Re5 32. Kg2 Bxb2 33. Nxb2 Re2+ 34. Kg3 Rxb2 35. Rxa5 Rxb3+ 36. Kh4 h6 37. g5 hxg5+ 38. Rxg5 Rb1 39. Rb5 b3 40. Kg4 b2 41. Kh4 e5 0-1


[Site "https://www.chess.com"]

[Event "Titled Tuesday Blitz February 22 Early 2022"]
[White "Gabrielian, Artur"]
[Black "Skuhala, Barbara"]
[WhiteFideId "4131002"]
[BlackFideId "14605465"]
[WhiteElo "2440"]
[BlackElo "2159"]
[Result "1-0"]
[Round "02"]
[TimeControl "180+1"]
[Date "2022.02.22"]
[WhiteClock "0:02:03"]
[BlackClock "0:02:13"]

1. d4 Nf6 2. c4 e6 3. Nc3 Bb4 4. a3 Bxc3+ 5. bxc3 O-O 6. e3 c5 7. Bd3 d6 8. Ne2 Nc6 9. e4 b6 10. Bg5 h6 11. Bh4 e5 12. d5 Na5 13. O-O Ba6 14. f4 exf4 15. Nxf4 g5 16. Nh5 Nxh5 17. Qxh5 Kg7 18. e5 Bxc4 19. Rf6 Bxd3 20. Qxh6+ Kg8 21. Qxg5+ Bg6 22. Rxg6+ 1-0


[Site "https://www.chess.com"]

[Event "Titled Tuesday Blitz February 22 Early 2022"]
[White "Glavina, Pablo"]
[Black "Mirzanurov, Bulat"]
[WhiteFideId "100234"]
[BlackFideId "4184521"]
[WhiteElo "2369"]
[BlackElo "2116"]
[Result "1/2-1/2"]
[Round "02"]
[TimeControl "180+1"]
[Date "2022.02.22"]
[WhiteClock "0:00:20"]
[BlackClock "0:00:08"]

1. e4 c5 2. Nf3 d6 3. d4 cxd4 4. Nxd4 Nf6 5. Nc3 a6 6. Bc4 e6 7. a4 Nbd7 8. O-O Nc5 9. f3 Qc7 10. Ba2 Be7 11. Bd2 O-O 12. b4 Ncd7 13. Bxe6 fxe6 14. Nxe6 Qb6+ 15. Kh1 Rf7 16. Nd5 Nxd5 17. exd5 Ne5 18. a5 Qa7 19. Qe2 Bxe6 20. dxe6 Rf6 21. f4 Nc6 22. Bc3 Nd4 23. Qe4 Rxe6 24. Qxd4 Qxd4 25. Bxd4 Rc8 26. c3 d5 27. Rfe1 Re4 28. Rxe4 dxe4 29. Re1 Bf6 30. Rxe4 Bxd4 31. Rxd4 Rxc3 32. h3 Rc7 33. g4 Kf7 34. Kg2 Ke7 35. Kf3 Kf7 36. Ke4 g6 37. h4 Re7+ 38. Kf3 Rc7 39. g5 Ke6 40. Kg4 Rd7 41. Rxd7 Kxd7 42. f5 gxf5+ 43. Kxf5 Kc6 44. Kf6 Kb5 45. Kg7 Kxb4 46. Kxh7 Kxa5 47. g6 b5 48. g7 b4 49. g8=Q b3 50. Qxb3 1/2-1/2


[Site "https://www.chess.com"]

[Event "Titled Tuesday Blitz February 22 Early 2022"]
[White "Golizadeh, Asghar"]
[Black "Marcinczyk, Monika"]
[WhiteFideId "12505269"]
[BlackFideId "1192051"]
[WhiteElo "2403"]
[BlackElo "1730"]
[Result "0-1"]
[Round "02"]
[TimeControl "180+1"]
[Date "2022.02.22"]
[WhiteClock "0:00:01"]
[BlackClock "0:00:24"]

1. e4 c6 2. d4 g6 3. Nf3 Bg7 4. Bd3 d5 5. exd5 cxd5 6. h4 Bg4 7. c3 Nc6 8. Nbd2 Nf6 9. Nf1 Qd7 10. Ne3 h5 11. Be2 O-O 12. Nxg4 hxg4 13. Ne5 Nxe5 14. dxe5 Ne4 15. Bxg4 Qc6 16. Bf4 Qb6 17. Qe2 f5 18. Bf3 Rac8 19. h5 g5 20. Bxe4 fxe4 21. Bxg5 Bxe5 22. Bxe7 Rf7 23. Bg5 Rxc3 24. O-O Rg3 25. Be3 Rxg2+ 26. Kxg2 Rg7+ 27. Kh1 Qf6 28. f4 exf3 29. Qf2 Bg3 30. Qxf3 Qh4+ 31. Kg2 Bf2+ 0-1


[Site "https://www.chess.com"]

[Event "Titled Tuesday Blitz February 22 Early 2022"]
[White "Golsta, Madara"]
[Black "Assaubayeva, Bibisara"]
[WhiteFideId "11607386"]
[BlackFideId "13708694"]
[WhiteElo "1997"]
[BlackElo "2404"]
[Result "0-1"]
[Round "02"]
[TimeControl "180+1"]
[Date "2022.02.22"]
[WhiteClock "0:00:01"]
[BlackClock "0:00:35"]

1. e4 c5 2. Nf3 d6 3. d4 cxd4 4. Nxd4 Nf6 5. Nc3 a6 6. Bd3 e5 7. Nde2 Be7 8. O-O O-O 9. Ng3 Be6 10. Nd5 Bxd5 11. exd5 g6 12. c4 Nbd7 13. Be3 Ne8 14. Rc1 f5 15. f4 Nef6 16. Be2 a5 17. Kh1 b6 18. a3 a4 19. Bd3 Ng4 20. Bg1 exf4 21. Ne2 Ne3 22. Bxe3 fxe3 23. Nd4 Nc5 24. Nc6 Qd7 25. Nd4 Bf6 26. Be2 Bxd4 27. Qxd4 Rae8 28. Qc3 f4 29. Bf3 Re5 30. Rfe1 Qf7 31. Rcd1 h5 32. Qb4 Rb8 33. Rd4 g5 34. Qb5 g4 35. Bd1 f3 36. gxf3 gxf3 0-1


[Site "https://www.chess.com"]

[Event "Titled Tuesday Blitz February 22 Early 2022"]
[White "Golubka, Petro"]
[Black "Ardila, Oscar Humberto"]
[WhiteFideId "14114224"]
[BlackFideId "4404742"]
[WhiteElo "2392"]
[BlackElo "1898"]
[Result "1-0"]
[Round "02"]
[TimeControl "180+1"]
[Date "2022.02.22"]
[WhiteClock "0:01:26"]
[BlackClock "0:00:56"]

1. e4 e5 2. Nf3 Nc6 3. Bc4 Nf6 4. d3 Bc5 5. a4 d6 6. Nc3 O-O 7. h3 h6 8. g4 Bb4 9. g5 hxg5 10. Bxg5 Be6 11. Nd2 Bxc3 12. bxc3 d5 13. Bxf6 Qxf6 14. exd5 Bd7 15. Ne4 Qf4 16. dxc6 Bxc6 17. Qg4 Qh6 18. h4 Kh8 19. Qg5 Qh7 20. f3 f5 21. Nd2 e4 22. O-O-O exf3 23. Rdf1 Rae8 24. Nxf3 f4 25. Bb5 Rf5 26. Bxc6 bxc6 27. Qg4 Ref8 28. h5 Qh6 29. Re1 Qd6 30. Nh4 Qa3+ 31. Kd2 R5f6 32. Ng6+ Kg8 33. Nxf8 Kxf8 34. h6 1-0


[Site "https://www.chess.com"]

[Event "Titled Tuesday Blitz February 22 Early 2022"]
[White "Grandelius, Nils"]
[Black "Dev, Shah"]
[WhiteFideId "1710400"]
[BlackFideId "35019058"]
[WhiteElo "2617"]
[BlackElo "2098"]
[Result "1-0"]
[Round "02"]
[TimeControl "180+1"]
[Date "2022.02.22"]
[WhiteClock "0:00:09"]
[BlackClock "0:00:00"]

1. Nf3 Nf6 2. g3 c5 3. b3 Nc6 4. Bb2 d5 5. d4 cxd4 6. Nxd4 e6 7. Bg2 Bd6 8. O-O O-O 9. Nd2 Nxd4 10. Bxd4 e5 11. Bb2 Qe7 12. a3 Be6 13. c4 dxc4 14. Nxc4 Bxc4 15. bxc4 Rac8 16. Qb3 Rc7 17. Rac1 Rfc8 18. Bh3 Rd8 19. Rfd1 Ne4 20. Bg2 Nc5 21. Qc2 b6 22. Rd5 Ne6 23. Rcd1 Rcd7 24. Bh3 Bc5 25. Bxe5 Bxa3 26. Ba1 Rxd5 27. cxd5 Nf8 28. e4 f6 29. f4 Bd6 30. Re1 Ng6 31. Bf5 b5 32. Qb3 a6 33. e5 fxe5 34. fxe5 Bc5+ 35. Kg2 Qg5 36. Be6+ Kh8 37. Kh1 Qd2 38. Qc3 Qf2 39. Bh3 Rxd5 40. Rf1 Qd2 41. Qf3 h6 42. e6 1-0


[Site "https://www.chess.com"]

[Event "Titled Tuesday Blitz February 22 Early 2022"]
[White "Grieve, Harry"]
[Black "Viskelis, Darius"]
[WhiteFideId "426520"]
[BlackFideId "12800830"]
[WhiteElo "2294"]
[BlackElo "1999"]
[Result "1-0"]
[Round "02"]
[TimeControl "180+1"]
[Date "2022.02.22"]
[WhiteClock "0:00:03"]
[BlackClock "0:00:03"]

1. e4 c5 2. Nf3 g6 3. d4 cxd4 4. Nxd4 Bg7 5. c4 Nc6 6. Be3 Qa5+ 7. Nc3 Nf6 8. f3 O-O 9. Be2 a6 10. O-O d6 11. Nb3 Qh5 12. Nd5 Nxd5 13. cxd5 Ne5 14. Rc1 Bh6 15. Qd2 Bxe3+ 16. Qxe3 g5 17. Rc7 Ng6 18. Nd4 Re8 19. Rfc1 Ne5 20. h3 b5 21. f4 gxf4 22. Qxf4 Qg6 23. Kh2 Bd7 24. R1c3 Kh8 25. Rg3 Qf6 26. Qxf6+ exf6 27. Bh5 Rac8 28. Rgc3 Nc4 29. Rxd7 Rxe4 30. Nc6 Ne3 31. Bf3 Nf1+ 32. Kg1 Re1 33. Kf2 Rb1 34. Rxf7 Nd2 35. Ne7 Re8 36. Rc2 Nc4 37. Nf5 Ne5 38. Rxf6 Nd3+ 39. Kg3 Ne1 40. Re2 Rg8+ 41. Kh2 Nxf3+ 42. gxf3 h5 43. Rh6# 1-0


[Site "https://www.chess.com"]

[Event "Titled Tuesday Blitz February 22 Early 2022"]
[White "Grischuk, Alexander"]
[Black "Colas, Joshua"]
[WhiteFideId "4126025"]
[BlackFideId "2044447"]
[WhiteElo "2762"]
[BlackElo "2347"]
[Result "1-0"]
[Round "02"]
[TimeControl "180+1"]
[Date "2022.02.22"]
[WhiteClock "0:01:04"]
[BlackClock "0:00:10"]

1. e4 c6 2. d4 d5 3. e5 Bf5 4. Nf3 e6 5. Be2 Nd7 6. O-O Ne7 7. c3 h6 8. Nbd2 a5 9. a4 Bh7 10. Ne1 c5 11. Bd3 Bxd3 12. Nxd3 cxd4 13. cxd4 Nf5 14. Nf3 Qb6 15. Kh1 g5 16. h3 Rc8 17. Bd2 Be7 18. Bc3 Nb8 19. g4 Ng7 20. Kg2 Nc6 21. Qd2 O-O 22. Rae1 f6 23. exf6 Bxf6 24. Nc5 Nxd4 25. Bxd4 Bxd4 26. Nd7 Qxb2 27. Qxd4 Qxd4 28. Nxd4 Rf7 29. Ne5 Rf4 30. Ng6 Rf7 31. Nxe6 Nxe6 32. Rxe6 Kg7 33. Ne7 Rc4 34. Nf5+ Kf8 35. Rfe1 1-0


[Site "https://www.chess.com"]

[Event "Titled Tuesday Blitz February 22 Early 2022"]
[White "Grunberg, Mihai-Lucian"]
[Black "Oro, Luis"]
[WhiteFideId "1204149"]
[BlackFideId "104094"]
[WhiteElo "2364"]
[BlackElo "2299"]
[Result "1-0"]
[Round "02"]
[TimeControl "180+1"]
[Date "2022.02.22"]
[WhiteClock "0:01:30"]
[BlackClock "0:00:08"]

1. e4 c5 2. Nf3 d6 3. d4 cxd4 4. Nxd4 Nf6 5. Nc3 a6 6. Bc4 e6 7. Qe2 Be7 8. Bg5 O-O 9. O-O-O b5 10. Bb3 Qc7 11. f4 Nbd7 12. g4 Nc5 13. e5 dxe5 14. fxe5 Nxb3+ 15. axb3 Nd5 16. Bxe7 Nxc3 17. bxc3 Qxe7 18. h4 Bb7 19. Rh3 Rac8 20. g5 Rfd8 21. Qe3 Qc5 22. h5 Bd5 23. g6 Rd7 24. gxh7+ Kh8 25. h6 g6 26. Qg5 Qe7 27. Qf4 Kxh7 28. Rf1 a5 29. Nf3 Bxf3 30. Rhxf3 Rcc7 31. Kb2 Qc5 32. Qf6 Qf8 33. Rg3 Qh8 34. Qg5 Rd5 35. Rxf7+ Rxf7 36. Qxg6# 1-0


[Site "https://www.chess.com"]

[Event "Titled Tuesday Blitz February 22 Early 2022"]
[White "Guliev, Logman"]
[Black "Vakhlamov, Igor L."]
[WhiteFideId "13400061"]
[BlackFideId "24126748"]
[WhiteElo "2128"]
[BlackElo "2401"]
[Result "0-1"]
[Round "02"]
[TimeControl "180+1"]
[Date "2022.02.22"]
[WhiteClock "0:00:15"]
[BlackClock "0:00:59"]

1. e4 c5 2. Nf3 Nc6 3. Bb5 Nf6 4. e5 Nd5 5. Nc3 Nc7 6. Bxc6 dxc6 7. O-O Bg4 8. h3 Bh5 9. Re1 e6 10. Ne4 Be7 11. Ng3 Bg6 12. d3 c4 13. d4 O-O 14. c3 c5 15. Ne4 cxd4 16. cxd4 Nd5 17. a3 Rc8 18. Bd2 b5 19. Rc1 h6 20. Nc3 a6 21. Nxd5 Qxd5 22. Be3 a5 23. Nh2 b4 24. axb4 axb4 25. Qg4 c3 26. bxc3 Rxc3 27. Rcd1 b3 28. Bc1 Rfc8 29. Nf1 Bf5 30. Qh5 Bg6 31. Qg4 h5 32. Qf4 Qb7 33. Bb2 Rc2 34. Rd2 Bb4 35. Rxc2 Rxc2 36. Rb1 Re2 0-1


[Site "https://www.chess.com"]

[Event "Titled Tuesday Blitz February 22 Early 2022"]
[White "Guseinov, Gadir"]
[Black "Vovk, Orest"]
[WhiteFideId "13401378"]
[BlackFideId "14113490"]
[WhiteElo "2581"]
[BlackElo "2203"]
[Result "1-0"]
[Round "02"]
[TimeControl "180+1"]
[Date "2022.02.22"]
[WhiteClock "0:00:46"]
[BlackClock "0:00:05"]

1. e4 g5 2. d4 h6 3. Nc3 Bg7 4. h4 g4 5. Be3 d6 6. h5 c6 7. Nge2 b5 8. a3 Nd7 9. Ng3 Nb6 10. d5 Bxc3+ 11. bxc3 cxd5 12. exd5 Bd7 13. Bd4 Nf6 14. Bxf6 exf6 15. Be2 f5 16. Qd4 O-O 17. O-O Qg5 18. Bd3 f4 19. Ne4 Qe5 20. Nf6+ Kg7 21. Nxd7 Qxd4 22. cxd4 Nxd7 23. Bxb5 Nf6 24. c4 Nxh5 25. Rfe1 Kf6 26. c5 Rfd8 27. Ba6 dxc5 28. dxc5 Rxd5 29. Bb7 Rdd8 30. Bxa8 Rxa8 31. Rac1 Ng7 32. c6 Ne6 33. Re4 Rc8 34. c7 Ke7 35. Ra4 Rxc7 36. Rxc7+ Nxc7 37. Rxf4 h5 38. Rf5 a6 39. Rxh5 Ke6 40. Rc5 Kd6 41. Rg5 Nb5 42. Rxg4 Nxa3 43. Ra4 Nb5 44. Rxa6+ Ke7 45. f3 Nd4 46. Kh2 Kf8 47. Kg3 Kg7 48. Kg4 Nb5 49. f4 Nc7 50. Rc6 Nd5 51. g3 Ne7 52. Rd6 Ng6 53. Kg5 Nf8 54. g4 Nh7+ 55. Kf5 Nf8 56. g5 Ng6 57. Rxg6+ fxg6+ 58. Ke6 Kg8 59. Kf6 1-0


[Site "https://www.chess.com"]

[Event "Titled Tuesday Blitz February 22 Early 2022"]
[White "Hakemi, Arman"]
[Black "Bintang, Rasyid A. Hidayat"]
[WhiteFideId "22520805"]
[BlackFideId "7105355"]
[WhiteElo "2208"]
[BlackElo "2360"]
[Result "1-0"]
[Round "02"]
[TimeControl "180+1"]
[Date "2022.02.22"]
[WhiteClock "0:02:18"]
[BlackClock "0:02:50"]

1. e4 e5 2. Nf3 Nc6 3. Nc3 Nf6 4. Bb5 Nd4 5. Bc4 d6 6. Nxd4 exd4 7. Ne2 c5 8. d3 a6 9. a4 Be6 10. Bxe6 fxe6 11. Bg5 Be7 12. O-O h6 13. Bxf6 Bxf6 14. Nf4 Qe7 15. Ng6 1-0


[Site "https://www.chess.com"]

[Event "Titled Tuesday Blitz February 22 Early 2022"]
[White "Hardaway, Brewington"]
[Black "Perez Ponsa, Federico"]
[WhiteFideId "30941849"]
[BlackFideId "117927"]
[WhiteElo "1768"]
[BlackElo "2672"]
[Result "0-1"]
[Round "02"]
[TimeControl "180+1"]
[Date "2022.02.22"]
[WhiteClock "0:00:02"]
[BlackClock "0:00:55"]

1. d4 Nf6 2. Nf3 d5 3. c4 e6 4. Nc3 dxc4 5. e3 a6 6. a4 b6 7. Bxc4 Bb7 8. O-O c5 9. Ne5 Nbd7 10. Nxd7 Qxd7 11. dxc5 Bxc5 12. Qxd7+ Nxd7 13. Rd1 Ke7 14. b3 Ne5 15. Be2 Rac8 16. Bb2 f6 17. Rac1 g5 18. h3 h5 19. Na2 Bd6 20. Bd4 Nd7 21. Rxc8 Rxc8 22. Bxh5 Rc2 23. Nc1 e5 24. Ba1 Nc5 25. Bg6 Be4 26. Bxe4 Nxe4 27. Nd3 a5 28. g3 Nd2 29. Ne1 Ra2 30. Bc3 Nxb3 31. Rb1 Nc5 32. Rxb6 Ne4 33. Bxa5 Nxf2 34. Kg2 Nd1+ 35. Kf3 f5 36. Rb7+ Ke6 37. Nc2 Rxc2 38. e4 Rf2# 0-1


[Site "https://www.chess.com"]

[Event "Titled Tuesday Blitz February 22 Early 2022"]
[White "Dronavalli, Harika"]
[Black "Manelyuk, Daniil"]
[WhiteFideId "5015197"]
[BlackFideId "44173920"]
[WhiteElo "2382"]
[BlackElo "2222"]
[Result "1-0"]
[Round "02"]
[TimeControl "180+1"]
[Date "2022.02.22"]
[WhiteClock "0:00:42"]
[BlackClock "0:00:11"]

1. d4 Nf6 2. c4 c5 3. d5 b5 4. cxb5 a6 5. bxa6 g6 6. Nc3 Bg7 7. g3 O-O 8. Bg2 d6 9. Nf3 Nxa6 10. O-O Qa5 11. Bd2 Nc7 12. e4 Bg4 13. Re1 Rfb8 14. Qc2 Bxf3 15. Bxf3 Nd7 16. Be2 Qb6 17. b3 Na6 18. Bxa6 Qxa6 19. Kg2 c4 20. Rab1 Nc5 21. Be3 Nd3 22. Red1 Nb4 23. Qd2 Bxc3 24. Qxc3 Nxa2 25. Qd4 cxb3 26. Rd2 Rb4 27. Qb2 Rc8 28. e5 Qc4 29. exd6 exd6 30. Bh6 Nc3 31. Re1 Ra4 32. Rde2 Qxd5+ 33. f3 f5 34. Re8+ Rxe8 35. Rxe8+ Kf7 36. Rf8+ Ke7 37. Qxc3 Qe5 38. Qc7+ Ke6 39. Re8+ Kf6 40. Qg7# 1-0


[Site "https://www.chess.com"]

[Event "Titled Tuesday Blitz February 22 Early 2022"]
[White "Heinemann, Josefine"]
[Black "Palu, Andres"]
[WhiteFideId "12900460"]
[BlackFideId "119288"]
[WhiteElo "2300"]
[BlackElo "2050"]
[Result "0-1"]
[Round "02"]
[TimeControl "180+1"]
[Date "2022.02.22"]
[WhiteClock "0:00:05"]
[BlackClock "0:00:03"]

1. Nf3 d5 2. e3 Nf6 3. c4 g6 4. Nc3 c6 5. b3 Bg7 6. Bb2 O-O 7. Be2 Nbd7 8. d4 Ne4 9. cxd5 Nxc3 10. Bxc3 cxd5 11. O-O Nf6 12. Rc1 Bd7 13. Ne5 Ne4 14. Nxd7 Qxd7 15. Bb4 a5 16. Ba3 a4 17. bxa4 Rxa4 18. Bxe7 Rfa8 19. Bh4 Rxa2 20. Bd3 Bf6 21. Bxe4 Bxh4 22. Bf3 Rb2 23. Rb1 Raa2 24. Rxb2 Rxb2 25. Qa1 Qb5 26. g3 Be7 27. Bxd5 Kg7 28. Bf3 Bf6 29. Qa8 h5 30. h4 Qf5 31. Bxb7 g5 32. hxg5 Qxg5 33. Bg2 h4 34. gxh4 Qxh4 35. Qf3 Bg5 36. d5 Rb8 37. Qf5 Rh8 38. f4 Qh2+ 39. Kf2 Bh4+ 40. Kf3 Qg3+ 41. Ke4 Qxg2+ 42. Kd3 Qxf1+ 43. Ke4 Qb1+ 0-1


[Site "https://www.chess.com"]

[Event "Titled Tuesday Blitz February 22 Early 2022"]
[White "Ianov, Viktor"]
[Black "Srihari L R"]
[WhiteFideId "14102730"]
[BlackFideId "46617116"]
[WhiteElo "2215"]
[BlackElo "2121"]
[Result "0-1"]
[Round "02"]
[TimeControl "180+1"]
[Date "2022.02.22"]
[WhiteClock "0:00:25"]
[BlackClock "0:00:20"]

1. Nf3 c5 2. g3 Nc6 3. Bg2 g6 4. O-O Bg7 5. c4 Nf6 6. Nc3 O-O 7. d4 cxd4 8. Nxd4 d6 9. Nb3 Bg4 10. h3 Be6 11. c5 Qd7 12. cxd6 exd6 13. Kh2 Rad8 14. Bg5 h6 15. Bf4 Qe7 16. Qd2 Kh7 17. Rfd1 d5 18. Na4 Ne4 19. Qe1 b6 20. Nc3 Nxc3 21. bxc3 Ne5 22. Bxe5 Bxe5 23. Nd4 Bc8 24. Nc6 Qf6 25. Nxd8 Bxc3 26. Qf1 Bxa1 27. Rxa1 Rxd8 28. e3 Be6 29. Rc1 Qb2 30. a4 d4 31. exd4 Rxd4 32. Rb1 Qd2 33. Ra1 Bc4 34. Qe1 Qxe1 35. Rxe1 Bb3 36. Re7 Rxa4 37. Bc6 Ra2 38. Kg2 Kg7 39. h4 h5 40. Rb7 Be6 41. Kf3 Rc2 42. Be4 Rc3+ 43. Kf4 Ra3 44. f3 Bc4 45. g4 hxg4 46. fxg4 Ra4 47. Ke5 Ra5+ 48. Kf4 Be6 49. g5 Ra4 50. Ke5 Ra1 51. Kf4 Bc4 52. Ke5 b5 53. Bc6 a6 54. Kd6 Rd1+ 55. Kc5 Rc1 56. Kb6 b4 57. Be4 b3 58. Ka5 Be6 59. Kxa6 Bc8 60. Ka7 Bxb7 61. Kxb7 b2 0-1


[Site "https://www.chess.com"]

[Event "Titled Tuesday Blitz February 22 Early 2022"]
[White "Ishbaev, Alibek"]
[Black "Goryachkina, Aleksandra"]
[WhiteFideId "14205017"]
[BlackFideId "4147103"]
[WhiteElo "2369"]
[BlackElo "2426"]
[Result "0-1"]
[Round "02"]
[TimeControl "180+1"]
[Date "2022.02.22"]
[WhiteClock "0:00:19"]
[BlackClock "0:00:02"]

1. c4 e6 2. e4 d5 3. exd5 exd5 4. cxd5 Nf6 5. Nc3 Nxd5 6. Bc4 Be6 7. Qb3 Qe7 8. Nge2 Nb6 9. Bxe6 Qxe6 10. Qxe6+ fxe6 11. O-O N8d7 12. d4 Kf7 13. Bf4 c6 14. Rfe1 h6 15. Ng3 Be7 16. Nge4 Rhe8 17. a4 a5 18. b3 Nd5 19. Nxd5 exd5 20. Nd6+ Bxd6 21. Bxd6 Nf6 22. f3 Re6 23. Bc7 Ne8 24. Rxe6 Kxe6 25. Re1+ Kf7 26. Bb6 Nf6 27. Kf2 Nd7 28. Bc7 Nf8 29. Bb6 Ne6 30. g3 Ra6 31. Bc5 Nxc5 32. dxc5 b6 33. Rc1 Ke6 34. Ke3 bxc5 35. Rxc5 Rb6 36. Kd4 Kd6 37. Rxa5 Rxb3 38. Ra6 Rxf3 39. Ra7 c5# 0-1


[Site "https://www.chess.com"]